Map: Éphémèrion EC

Players

defer

  • Race: Protoss Protoss
  • League: Silver
  • Spawn Location: 5:00

IA (très facile) - Winner!

  • Race: Terran Terran
  • Spawn Location: 11:00

VOD

Have the link to the VOD?

Description

Time

  • Played on: Jan. 18, 2020, 7:01 a.m.
  • Length: 4:07
Show
View Real Time Build Order
Export as new Build Order

defer Protoss 

Build Orders: 1 Gate Expand 

Get SALT Encoding   

  12  0:00  Probe  
  13  0:13  Probe  
  14  0:17  Pylon  
  14  0:25  Probe  
  15  0:37  Gateway, Probe  
  16  0:49  Probe  
  17  1:01  Probe  
  18  1:13  Probe  
  18  1:15  Nexus  
  19  1:25  Probe  
  20  1:28  Cybernetics Core  
  20  1:33  Assimilator  
  20  1:37  Probe  
  21  1:40  Assimilator  
  21  1:49  Pylon, Probe  
  22  2:00  Probe  
  22  2:08  Probe  
  26  2:16  Probe (Chrono Boost)  
  25  2:27  Probe (Chrono Boost)  
  27  2:31  Pylon, Probe (Chrono Boost)  
  28  2:37  Probe (Chrono Boost)  
  28  2:40  Probe (Chrono Boost)  
  30  2:44  Probe (Chrono Boost)  
  30  2:45  Probe (Chrono Boost)  
  31  2:53  Probe  
  31  2:54  Probe  
  33  2:59  Pylon  
  34  3:06  Probe (Chrono Boost)  
  34  3:09  Probe (Chrono Boost)  
  35  3:16  Pylon  
  35  3:18  Probe (Chrono Boost)  
  37  3:21  Probe (Chrono Boost)  
  37  3:22  Probe (Chrono Boost)  
  38  3:29  Probe  
  38  3:34  Probe (Chrono Boost)  
  40  3:42  Probe (Chrono Boost)  
  40  3:48  Pylon  
  42  3:50  Probe (Chrono Boost)  
  42  3:51  Probe (Chrono Boost)  
Show
View Real Time Build Order
Export as new Build Order

IA (très facile) Terran - Winner!

Build Orders:  

Get SALT Encoding   

  12  0:00  SCV  
  13  0:13  SCV  
  14  0:18  Supply Depot  
  14  0:37  Refinery  
  14  0:41  Barracks  
  14  1:04  Supply Depot  
  14  1:12  Refinery  
  14  1:29  SCV  
  14  1:30  Marine  
  16  1:41  SCV  
  17  1:54  SCV  
  18  2:03  Marine  
  18  2:06  SCV  
  20  2:18  SCV  
  21  2:30  SCV  
  22  2:37  Marine  
  22  2:43  Orbital Command  
Tags
 
Add a new tag
Caveats
  • Supply blocks, unpowered buildings, or Contaminate may cause inaccurate times.
  • Supply counts are checked every 10 seconds.